 Dungeon Crawl Stone Soup version 0.18.1-48-g4cf74bf (webtiles) character file.

22 lawna the Caller (level 2, -2/15 HPs)
             Began as a Deep Elf Summoner on Sept 4, 2016.
             Slain by a jackal (3 damage)
             ... on level 2 of the Dungeon.
             The game lasted 00:11:09 (1990 turns).

lawna the Caller (Deep Elf Summoner)                Turns: 1990, Time: 00:11:10

Health: -2/15      AC:  2    Str:  5    XL:     2   Next: 68%
Magic:  6/8        EV: 12    Int: 19    God:
Gold:   55         SH:  3    Dex: 15    Spells: 1 memorised, 7 levels left

rFire  . . .     SeeInvis .     f - +0 dagger
rCold  . . .     Gourm    .     o - +0 robe
rNeg   . . .     Faith    .     g - +0 buckler
rPois  .         Spirit   .     (no helmet)
rElec  .         Dismiss  .     (no cloak)
rCorr  +         Reflect  .     (no gloves)
SustAt .         Harm     .     (no boots)
MR     .....                    (no amulet)
Stlth  ++........               (no ring)
                                h - ring of resist corrosion

@: not resistant to hostile enchantments, unstealthy
A: no striking features
a: no special abilities


You were on level 2 of the Dungeon.
You were not hungry.

You visited 1 branch of the dungeon, and saw 2 of its levels.

You collected 55 gold pieces.

Inventory:

Hand Weapons
 f - a +0 dagger (weapon)
Armour
 a - a +0 robe
 g - a +0 buckler (worn)
 o - a +0 robe (worn)
Jewellery
 h - a ring of resist corrosion (left hand)
Potions
 i - 2 potions of haste {unknown}
 m - a potion of brilliance
Books
 b - a book of Callings

   Spells                             Type                      Level
   a - Summon Small Mammal            Summoning                    1
   b - Call Imp                       Summoning                    2
   c - Call Canine Familiar           Summoning                    3
   d - Summon Guardian Golem          Hexes/Summoning              3
   e - Summon Lightning Spire         Summoning/Air                4
   f - Summon Ice Beast               Ice/Summoning                4
Comestibles
 c - a bread ration
 d - 2 fruits
 k - a meat ration
 n - a beef jerky


   Skills:
 + Level 2.6 Dodging
 - Level 2.4 Stealth
 * Level 0.1 Shields
 + Level 3.8 Spellcasting
 + Level 4.7 Summonings


You had 7 spell levels left.
You knew the following spells:

 Your Spells              Type           Power        Failure   Level  Hunger
a - Summon Small Mammal   Summ           ###.         3%          1    None


Dungeon Overview and Level Annotations

Branches:
Dungeon (2/15)

Altars:


Message History

You barely miss the jackal.
Your bat hits the jackal but does no damage.
The jackal closely misses you. The jackal bites you.
Your quokka closely misses the jackal.
The jackal barely misses you. The jackal misses you. The jackal bites you.
The giant newt barely misses you.
Casting: Summon Small Mammal
Confirm with . or Enter, or press ? or * to list all spells.
Your bat hits the jackal but does no damage.
Your quokka barely misses the jackal.
The jackal barely misses you.
Your bat hits the jackal but does no damage.
The jackal closely misses you. The jackal bites you.
* * * LOW HITPOINT WARNING * * *
The giant newt bites you.
* * * LOW HITPOINT WARNING * * *
As you read the scroll labeled XYZAJ BYGOCSUT, it crumbles to dust.
It is a scroll of identify.
Identify which item? (\ to view known items) (? for menu, Esc to quit)
m - a potion of brilliance Your bat barely misses the jackal.
The jackal bites you.
You die...

***,*,**,,,,,,,,,,,,,,,,* *,,,
,,,,,,**,************,*** *,,,
,,,,*,**,* *,* *,,* ,,,,*,,#,* *,*
*,,* ,,,,,,,..#######*****,* *,,*
,,,,,,*...(.....,,,**,* *,,,
***,*,*,##....%##*,#*,* ***,,*
*,*,*,#......h##.#*,******,,,,*
*,*<*,#.....***##.****,***,,,***,*
***,,,,,,,,,..* *,* **,** *,* *
**,,*,**********,*********,*


You could see 3 jackals, a giant newt, 2 friendly quokkas and a friendly bat.

Vanquished Creatures
  A rat (D:1)
1 creature vanquished.

Vanquished Creatures (collateral kills)
  A dart slug (D:1)
  A giant gecko (D:1)
  3 bats (D:1)
  3 giant cockroaches (D:1)
  A goblin (D:1)
  5 hobgoblins (D:1)
  A giant newt (D:1)
  7 kobolds (D:1)
  6 rats (D:1)
28 creatures vanquished.

Grand Total: 29 creatures vanquished

Notes
Turn   | Place    | Note
--------------------------------------------------------------
     0 | D:1      | lawna the Deep Elf Summoner began the quest for the Orb.
     0 | D:1      | Reached XP level 1. HP: 10/10 MP: 6/6
   674 | D:1      | Reached XP level 2. HP: 15/15 MP: 2/8
  1990 | D:2      | Slain by a jackal

Action                   || total
-------------------------++-------
Melee: Dagger            ||    12
       Unarmed           ||     1
 Cast: Summon Small Mamm ||    71
  Use: Scroll            ||     3
 Stab: Sleeping          ||     1
  Eat: Chunk             ||     3
Armor: Robe              ||    15
Dodge: Dodged            ||    39
Block: Buckler           ||     6
